MapleLeafs vs Sabres

Created - Saturday, April 02, 2016 at 02:51

Goals
1 2 3 T
MapleLeafs 2 0 0 2
Sabres 2 1 0 3
Shots
1 2 3 T
MapleLeafs 14 6 8 28
Sabres 17 10 6 33

1st period

1. MapleLeafs , James van Riemsdyk 45 (Mikko Koivu, Drew Doughty) at 0:43 (PP)
2. Sabres , David Perron 20 (Ryan Kesler) at 5:59 (PP)
3. MapleLeafs , James Neal 50 (James van Riemsdyk, Karl Alzner) at 6:27
4. Sabres , Sidney Crosby 57 (Vernon Fiddler) at 14:23

Penalties :
Jay Bouwmeester (Buf) for Roughing (Double Minor) at 0:23, Erik Gudbranson (Tor) for Tripping (Minor) at 4:32, Alec Martinez (Buf) for Interference (Minor) at 8:56

2nd period

5. Sabres , Sidney Crosby 58 (Gustav Nyquist, Jay Bouwmeester) at 16:17 (PP)

Penalties :
Sidney Crosby (Buf) for Hooking (Minor) at 4:07, Marc-Edouard Vlasic (Tor) for High sticking (Minor) at 15:30, Brandon Sutter (Tor) for Slashing (Double Minor) at 19:03

3rd period

No Goal

Penalties :
Brooks Orpik (Buf) for Hooking (Minor) at 5:34, Morgan Rielly (Tor) for Elbowing (Minor) at 7:28, Erik Gudbranson (Tor) for Interference (Minor) at 13:05

Goalie Stats

Cory Schneider (Tor), 30 saves from 33 shots - (0.909), L, 38-25-2, 59:43 minutes
Ondrej Pavelec (Buf), 26 saves from 28 shots - (0.929), W, 38-14-4, 60:00 minutes

Players Stats for MapleLeafs

Player Name              G  A  P  +/- PIM S  H  SB GA TA FO     MP     PP MP  PK MP  
------------------------------------------------------------------------------------
Beau Bennett             0  0  0   0  0   0  0  0  0  0  0/0     5:01   0:00   0:00 
Bobby Ryan               0  0  0  -1  0   1  1  0  5  1  0/0    16:48   3:53   1:55 
Brandon Sutter           0  0  0  -1  4   0  1  1  0  0  9/20   18:12   3:53   4:27 
Dainius Zubrus           0  0  0   0  0   1  4  0  0  0  3/6    13:02   0:00   2:38 
Dan Girardi              0  0  0   0  0   1  1  0  0  3  0/0    20:24   0:00   7:40 
Dominic Moore            0  0  0   0  0   1  2  1  0  0  0/0    17:04   0:00   7:39 
Drew Doughty             0  1  1   0  0   1  3  1  0  2  0/0    26:55   4:33   7:40 
Erik Gudbranson          0  0  0   0  4   2  2  1  0  3  0/0    11:36   0:00   0:00 
James Neal               1  0  1   1  0   6  1  0  3  0  0/2    18:20   4:18   0:00 
James van Riemsdyk       1  1  2   1  0   5  2  0  1  0  0/4    18:28   4:18   0:03 
Jeff Skinner             0  0  0   0  0   0  0  1  0  0  0/0     9:11   0:00   0:00 
Justin Williams          0  0  0   0  0   2  0  0  1  0  0/2    12:09   0:00   3:15 
Karl Alzner              0  1  1   0  0   1  0  0  0  1  0/0    21:37   3:38   2:26 
Marc-Edouard Vlasic      0  0  0   0  2   2  1  1  0  2  0/0    24:04   4:33   2:26 
Mikko Koivu              0  1  1   1  0   2  0  0  1  0  7/12   18:28   4:18   0:03 
Morgan Rielly            0  0  0   0  2   0  0  0  0  0  0/0    15:30   3:37   0:00 
Patrick Sharp            0  0  0  -1  0   3  0  0  2  0  1/1    13:27   3:53   0:00 
Shawn Matthias           0  0  0   0  0   0  1  0  0  0  3/10    9:23   0:00   0:12 

Players Stats for Sabres

Player Name              G  A  P  +/- PIM S  H  SB GA TA FO     MP     PP MP  PK MP  
------------------------------------------------------------------------------------
Alec Martinez            0  0  0   1  2   7  0  0  0  1  0/0    17:36   2:50   2:50 
Alex Pietrangelo         0  0  0  -1  0   2  0  0  0  1  0/0    13:54   0:00   0:00 
Benoit Pouliot           0  0  0   0  0   1  0  1  0  1  0/0    17:23   5:27   0:00 
Boyd Gordon              0  0  0  -1  0   3  1  0  3  0  9/13   16:25   0:00   4:45 
Brooks Orpik             0  0  0   0  2   2  3  3  0  1  0/0    17:16   0:19   3:06 
Chris Higgins            0  0  0   1  0   1  1  0  0  0  0/0    10:25   0:00   3:26 
David Perron             1  0  1   0  0   3  2  1  3  0  1/1    17:23   5:27   0:00 
Dwight King              0  0  0  -1  0   1  0  0  0  0  0/3    10:09   0:00   0:00 
Gustav Nyquist           0  1  1   0  0   0  0  0  0  0  0/0    15:22   4:20   0:00 
Jay Bouwmeester          0  1  1   0  4   2  0  1  2  1  0/0    25:06   7:16   1:57 
Matt Bartkowski          0  0  0   0  0   0  0  0  0  0  0/0     0:00   0:00   0:00 
Matt Stajan              0  0  0  -1  0   1  1  0  0  0  0/0    16:25   0:00   4:45 
Nikita Zadorov           0  0  0  -1  0   0  4  2  0  0  0/0    20:55   2:50   3:44 
Rasmus Ristolainen       0  0  0   1  0   2  3  0  0  0  0/0    25:49   7:16   4:45 
Ryan Kesler              0  1  1   0  0   3  2  0  3  0  8/14   17:23   5:27   0:00 
Sidney Crosby            2  0  2   1  2   3  3  1  3  1  11/20  22:58   4:39   0:00 
Steven Stamkos           0  0  0   0  0   2  0  0  4  0  0/0    15:46   4:39   0:00 
Vernon Fiddler           0  1  1   1  0   0  2  0  0  2  5/6    11:20   0:00   3:26 

3 Stars

1 - Sidney Crosby (Buf)
2 - James van Riemsdyk (Tor)
3 - James Neal (Tor)

Power Play

MapleLeafs - 1 on 5 Attempt(s) - 20.00%
Sabres - 2 on 6 Attempt(s) - 33.33%

Penalty Kill

MapleLeafs - 4 on 6 Attempt(s) - 66.67% - Score 0 goal in Penalty Kill
Sabres - 4 on 5 Attempt(s) - 80.00% - Score 0 goal in Penalty Kill

Team Stat

MapleLeafs - Hits : 19 - Faceoff Wins : 23 - Blocked Shots : 6 - Penalty Minutes : 12
Sabres - Hits : 22 - Faceoff Wins : 34 - Blocked Shots : 9 - Penalty Minutes : 10

Official

Referees : Unknown
Linesman : Unknown

Game Notes

Beau Bennett is injured at 11:49 of 2nd period (Left Foot)

Finance

Level 1 -- Attendance: 5358 (89.30%) -- Ticket Income $396,492
Level 2 -- Attendance: 4854 (97.08%) -- Ticket Income $242,700
Level 3 -- Attendance: 1599 (79.95%) -- Ticket Income $51,168
Level 4 -- Attendance: 3073 (76.83%) -- Ticket Income $58,387
Luxury Box -- Attendance: 763 (76.30%) -- Ticket Income $138,103
Game was played at the HSBC Arena.
Total Attendance: 15647 (86.93%)
Total Ticket Income: $886,850
Other Income: $434,556
Total Income: $1,321,406

MapleLeafs

5 vs 5 Forward 
   Center                   Left Wing                Right Wing               Time % Phy DF OF 
 1 Mikko Koivu              James van Riemsdyk       James Neal               35     1   2  2  
 2 Brandon Sutter           Bobby Ryan               Patrick Sharp            30     1   2  2  
 3 Dainius Zubrus           Dominic Moore            Justin Williams          20     1   2  2  
 4 Shawn Matthias           Jeff Skinner             Beau Bennett             15     0   2  3  

5 vs 5 Defense 
   Defense                  Defense                                           Time % Phy DF OF 
 1 Drew Doughty             Dan Girardi                                       40     1   2  2  
 2 Marc-Edouard Vlasic      Karl Alzner                                       35     1   2  2  
 3 Morgan Rielly            Erik Gudbranson                                   25     1   2  2  
 4 Drew Doughty             Marc-Edouard Vlasic                               0      1   2  2  

PowerPlay Forward 
   Center                   Left Wing                Right Wing               Time % Phy DF OF 
 1 Mikko Koivu              James van Riemsdyk       James Neal               60     0   1  4  
 2 Brandon Sutter           Bobby Ryan               Patrick Sharp            40     0   1  4  

PowerPlay Defense
   Defense                  Defense                                           Time % Phy DF OF 
 1 Drew Doughty             Marc-Edouard Vlasic                               75     0   2  3  
 2 Morgan Rielly            Karl Alzner                                       25     0   2  3  

Penalty Kill 4 Players Forward 
   Center                   Wing                     Time % Phy DF OF 
 1 Brandon Sutter           Dominic Moore            65     0   5  0  
 2 Dainius Zubrus           Shawn Matthias           35     0   5  0  

Penalty Kill 4 Players Defense
   Defense                  Defense                  Time % Phy DF OF 
 1 Drew Doughty             Dan Girardi              70     0   5  0  
 2 Marc-Edouard Vlasic      Karl Alzner              30     0   5  0  

Penalty Kill - 3 Players Forward 
   Forward                                           Time % Phy DF OF 
 1 Dominic Moore                                     65     0   5  0  
 2 Brandon Sutter                                    35     0   5  0  

Penalty Kill - 3 Players Defense
   Defense                  Defense                  Time % Phy DF OF 
 1 Drew Doughty             Dan Girardi              70     0   5  0  
 2 Marc-Edouard Vlasic      Karl Alzner              30     0   5  0  

4 vs 4 Forward 
   Center                   Wing                     Time % Phy DF OF 
 1 Mikko Koivu              James van Riemsdyk       60     0   2  3  
 2 Patrick Sharp            James Neal               40     0   2  3  

4 vs 4 Defense
   Defense                  Defense                  Time % Phy DF OF 
 1 Drew Doughty             Dan Girardi              60     1   2  2  
 2 Marc-Edouard Vlasic      Karl Alzner              40     1   2  2  

Last Minutes Offensive
   Center                   Left Wing                Right Wing               Defense                  Defense                  
   Mikko Koivu              James van Riemsdyk       James Neal               Drew Doughty             Marc-Edouard Vlasic      

Last Minutes Defensive
   Center                   Left Wing                Right Wing               Defense                  Defense                  
   Mikko Koivu              James van Riemsdyk       James Neal               Drew Doughty             Marc-Edouard Vlasic      

Goaltenders
Starting : Cory Schneider           
Backup : Martin Jones             

Extra Forwards
Normal : Dainius Zubrus, Dominic Moore, Justin Williams - PP : Dainius Zubrus, Dominic Moore - PK : Justin Williams
Extra Defensemen
Normal : Morgan Rielly, Erik Gudbranson, Marc-Edouard Vlasic - PP : Morgan Rielly - PK : Erik Gudbranson, Marc-Edouard Vlasic
Penalty Shots
Mikko Koivu, James van Riemsdyk, James Neal, Brandon Sutter, Bobby Ryan

Sabres

5 vs 5 Forward 
   Center                   Left Wing                Right Wing               Time % Phy DF OF 
 1 Sidney Crosby            Gustav Nyquist           Steven Stamkos           35     0   2  3  
 2 Ryan Kesler              Benoit Pouliot           David Perron             33     0   2  3  
 3 Vernon Fiddler           Chris Higgins            Sidney Crosby            20     1   2  2  
 4 Boyd Gordon              Dwight King              Matt Stajan              12     2   3  0  

5 vs 5 Defense 
   Defense                  Defense                                           Time % Phy DF OF 
 1 Jay Bouwmeester          Brooks Orpik                                      35     1   2  2  
 2 Alec Martinez            Rasmus Ristolainen                                30     1   3  1  
 3 Nikita Zadorov           Alex Pietrangelo                                  25     3   2  0  
 4 Jay Bouwmeester          Rasmus Ristolainen                                10     0   2  3  

PowerPlay Forward 
   Center                   Left Wing                Right Wing               Time % Phy DF OF 
 1 Sidney Crosby            Gustav Nyquist           Steven Stamkos           57     0   0  5  
 2 Ryan Kesler              Benoit Pouliot           David Perron             43     0   1  4  

PowerPlay Defense
   Defense                  Defense                                           Time % Phy DF OF 
 1 Jay Bouwmeester          Rasmus Ristolainen                                57     0   1  4  
 2 Alec Martinez            Nikita Zadorov                                    43     1   1  3  

Penalty Kill 4 Players Forward 
   Center                   Wing                     Time % Phy DF OF 
 1 Boyd Gordon              Matt Stajan              50     2   3  0  
 2 Vernon Fiddler           Chris Higgins            50     1   4  0  

Penalty Kill 4 Players Defense
   Defense                  Defense                  Time % Phy DF OF 
 1 Jay Bouwmeester          Brooks Orpik             50     1   3  1  
 2 Alec Martinez            Rasmus Ristolainen       50     2   3  0  

Penalty Kill - 3 Players Forward 
   Forward                                           Time % Phy DF OF 
 1 Boyd Gordon                                       50     1   4  0  
 2 Vernon Fiddler                                    50     1   4  0  

Penalty Kill - 3 Players Defense
   Defense                  Defense                  Time % Phy DF OF 
 1 Jay Bouwmeester          Brooks Orpik             50     2   2  1  
 2 Alec Martinez            Rasmus Ristolainen       50     2   2  1  

4 vs 4 Forward 
   Center                   Wing                     Time % Phy DF OF 
 1 Sidney Crosby            Steven Stamkos           57     0   2  3  
 2 Ryan Kesler              Gustav Nyquist           43     1   2  2  

4 vs 4 Defense
   Defense                  Defense                  Time % Phy DF OF 
 1 Jay Bouwmeester          Rasmus Ristolainen       57     1   2  2  
 2 Alec Martinez            Nikita Zadorov           43     1   2  2  

Last Minutes Offensive
   Center                   Left Wing                Right Wing               Defense                  Defense                  
   Sidney Crosby            Gustav Nyquist           Steven Stamkos           Benoit Pouliot           Jay Bouwmeester          

Last Minutes Defensive
   Center                   Left Wing                Right Wing               Defense                  Defense                  
   Boyd Gordon              Vernon Fiddler           Matt Stajan              Jay Bouwmeester          Brooks Orpik             

Goaltenders
Starting : Ondrej Pavelec           
Backup : Karri Ramo               

Extra Forwards
Normal : Benoit Pouliot, Chris Higgins, Steven Stamkos - PP : David Perron, Chris Higgins - PK : Ryan Kesler
Extra Defensemen
Normal : Rasmus Ristolainen, Nikita Zadorov, Alec Martinez - PP : Jay Bouwmeester - PK : Nikita Zadorov, Rasmus Ristolainen
Penalty Shots
Gustav Nyquist, Sidney Crosby, Steven Stamkos, Chris Higgins, Vernon Fiddler

% Time on Ice - MapleLeafs

Lines # - Real PCT - Wanted PCT - Time Play
Normal Forward
1 - 33% - 35% - 13:38
2 - 23% - 30% - 9:34
3 - 20% - 20% - 8:19
4 - 23% - 15% - 9:12
Normal Defense
1 - 34% - 40% - 13:53
2 - 38% - 35% - 15:22
3 - 28% - 25% - 11:28
4 - 0% - 0% - 0:00
PP Forward
1 - 53% - 60% - 4:18
2 - 47% - 40% - 3:53
PP Defense
1 - 56% - 75% - 4:33
2 - 44% - 25% - 3:38
PK Forward
1 - 98% - 65% - 9:54
2 - 2% - 35% - 0:12
PK Defense
1 - 76% - 70% - 7:40
2 - 24% - 30% - 2:26
PK3 Forward
1 - 0% - 65%
2 - 0% - 35%
PK3 Defense
1 - 0% - 70%
2 - 0% - 30%
44 Forward
1 - 100% - 60% - 0:05
2 - 0% - 40% - 0:00
44 Defense
1 - 100% - 60% - 0:05
2 - 0% - 40% - 0:00
Last Minute Offensive  - 0:55
Last Minute Defensive  - 0:00
Total
Forward - 60:00
Defense - 60:00

% Time on Ice - Sabres

Lines # - Real PCT - Wanted PCT - Time Play
Normal Forward
1 - 29% - 35% - 11:38
2 - 29% - 33% - 12:00
3 - 17% - 20% - 6:56
4 - 25% - 12% - 10:09
Normal Defense
1 - 34% - 35% - 14:01
2 - 29% - 30% - 11:37
3 - 34% - 25% - 13:55
4 - 3% - 10% - 1:10
PP Forward
1 - 46% - 57% - 4:39
2 - 54% - 43% - 5:27
PP Defense
1 - 72% - 57% - 7:16
2 - 28% - 43% - 2:50
PK Forward
1 - 58% - 50% - 4:45
2 - 42% - 50% - 3:26
PK Defense
1 - 42% - 50% - 3:26
2 - 58% - 50% - 4:45
PK3 Forward
1 - 0% - 50%
2 - 0% - 50%
PK3 Defense
1 - 0% - 50%
2 - 0% - 50%
44 Forward
1 - 100% - 57% - 0:05
2 - 0% - 43% - 0:00
44 Defense
1 - 100% - 57% - 0:05
2 - 0% - 43% - 0:00
Last Minute Offensive  - 0:00
Last Minute Defensive  - 0:55
Total
Forward - 60:00
Defense - 60:00

Play by Play

1st period


0:01 of 1st period - Sidney Crosby wins face-off versus Mikko Koivu in neutral zone.
0:04 of 1st period - Wrist shot by Gustav Nyquist.
0:04 of 1st period - Shot Misses the Net.
0:23 of 1st period - Double Minor Penalty to Jay Bouwmeester for Roughing.
0:24 of 1st period - Boyd Gordon wins face-off versus James van Riemsdyk in Sabres zone.
0:43 of 1st period - Snap shot by James van Riemsdyk.
0:43 of 1st period - Goal by James van Riemsdyk - MapleLeafs : 1 - Sabres : 0.
0:44 of 1st period - Boyd Gordon wins face-off versus Brandon Sutter in neutral zone.
0:51 of 1st period - Slapshot by Rasmus Ristolainen.
0:51 of 1st period - Shot Blocked by Marc-Edouard Vlasic.
1:01 of 1st period - Matt Stajan is hit by Brandon Sutter.
1:58 of 1st period - Snap shot by James van Riemsdyk.
1:58 of 1st period - Shot Misses the Net.
2:00 of 1st period - Wrist shot by Mikko Koivu.
2:00 of 1st period - Shot Misses the Net.
2:04 of 1st period - Wrist shot by Mikko Koivu.
2:04 of 1st period - Stopped by Ondrej Pavelec with a rebound.
2:06 of 1st period - Slapshot by James van Riemsdyk.
2:06 of 1st period - Stopped by Ondrej Pavelec with a rebound.
2:08 of 1st period - Snap shot by James van Riemsdyk.
2:08 of 1st period - Stopped by Ondrej Pavelec with a rebound.
2:38 of 1st period - Wrist shot by James Neal.
2:38 of 1st period - Shot Misses the Net.
2:42 of 1st period - Snap shot by James van Riemsdyk.
2:42 of 1st period - Shot Blocked by Brooks Orpik.
2:43 of 1st period - Penalty to Jay Bouwmeester is over, Jay Bouwmeester is back on ice.
2:44 of 1st period - Snap shot by James van Riemsdyk.
2:44 of 1st period - Stopped by Ondrej Pavelec with a rebound.
3:27 of 1st period - Wrist shot by Ryan Kesler.
3:27 of 1st period - Stopped by Cory Schneider with a rebound.
3:37 of 1st period - Slapshot by Ryan Kesler.
3:37 of 1st period - Shot Misses the Net.
3:39 of 1st period - Slapshot by Rasmus Ristolainen.
3:39 of 1st period - Stopped by Cory Schneider without a rebound.
3:40 of 1st period - Sidney Crosby wins face-off versus Shawn Matthias in MapleLeafs zone.
3:54 of 1st period - Slapshot by Alex Pietrangelo.
3:54 of 1st period - Stopped by Cory Schneider without a rebound.
3:55 of 1st period - Sidney Crosby wins face-off versus Shawn Matthias in MapleLeafs zone.
4:32 of 1st period - Minor Penalty to Erik Gudbranson for Tripping.
4:33 of 1st period - Ryan Kesler wins face-off versus Brandon Sutter in MapleLeafs zone.
5:27 of 1st period - Snap shot by Marc-Edouard Vlasic.
5:27 of 1st period - Shot Misses the Net.
5:54 of 1st period - Shawn Matthias is hit by Rasmus Ristolainen and loses puck.
5:59 of 1st period - Backhand shot by David Perron.
5:59 of 1st period - Goal by David Perron - MapleLeafs : 1 - Sabres : 1.
6:00 of 1st period - Mikko Koivu wins face-off versus Boyd Gordon in neutral zone.
6:09 of 1st period - Wrist shot by James Neal.
6:09 of 1st period - Stopped by Ondrej Pavelec with a rebound.
6:11 of 1st period - Slapshot by Karl Alzner.
6:11 of 1st period - Shot Blocked by Nikita Zadorov.
6:13 of 1st period - Slapshot by Karl Alzner.
6:13 of 1st period - Stopped by Ondrej Pavelec with a rebound.
6:15 of 1st period - Snap shot by Mikko Koivu.
6:15 of 1st period - Stopped by Ondrej Pavelec with a rebound.
6:17 of 1st period - Slapshot by Mikko Koivu.
6:17 of 1st period - Shot Misses the Net.
6:27 of 1st period - Snap shot by James Neal.
6:27 of 1st period - Goal by James Neal - MapleLeafs : 2 - Sabres : 1.
6:28 of 1st period - Brandon Sutter wins face-off versus Ryan Kesler in neutral zone.
6:45 of 1st period - Wrist shot by Benoit Pouliot.
6:45 of 1st period - Stopped by Cory Schneider with a rebound.
6:47 of 1st period - Snap shot by Ryan Kesler.
6:47 of 1st period - Stopped by Cory Schneider without a rebound.
6:48 of 1st period - Patrick Sharp wins face-off versus Ryan Kesler in MapleLeafs zone.
6:48 of 1st period - Patrick Sharp is hit by Brooks Orpik.
7:47 of 1st period - Wrist shot by Mikko Koivu.
7:47 of 1st period - Shot Misses the Net.
8:03 of 1st period - Snap shot by Justin Williams.
8:03 of 1st period - Deflect By Dainius Zubrus.
8:03 of 1st period - Stopped by Ondrej Pavelec with a rebound.
8:05 of 1st period - Wrist shot by Dan Girardi.
8:05 of 1st period - Shot Misses the Net.
8:07 of 1st period - Slapshot by Justin Williams.
8:07 of 1st period - Shot Blocked by Brooks Orpik.
8:27 of 1st period - Snap shot by Justin Williams.
8:27 of 1st period - Stopped by Ondrej Pavelec with a rebound.
8:47 of 1st period - Slapshot by Boyd Gordon.
8:47 of 1st period - Shot Misses the Net.
8:56 of 1st period - Minor Penalty to Alec Martinez for Interference.
8:57 of 1st period - Boyd Gordon wins face-off versus Mikko Koivu in Sabres zone.
9:18 of 1st period - Wrist shot by Matt Stajan.
9:18 of 1st period - Stopped by Cory Schneider without a rebound.
9:19 of 1st period - Brandon Sutter wins face-off versus Boyd Gordon in MapleLeafs zone.
9:24 of 1st period - Snap shot by Patrick Sharp.
9:24 of 1st period - Stopped by Ondrej Pavelec with a rebound.
10:50 of 1st period - Karl Alzner is hit by Vernon Fiddler and loses puck.
10:56 of 1st period - Penalty to Alec Martinez is over, Alec Martinez is back on ice.
11:05 of 1st period - Brandon Sutter is hit by Sidney Crosby and loses puck.
11:12 of 1st period - Snap shot by Steven Stamkos.
11:12 of 1st period - Stopped by Cory Schneider with a rebound.
11:18 of 1st period - Snap shot by Sidney Crosby.
11:18 of 1st period - Shot Misses the Net.
11:20 of 1st period - Slapshot by Alex Pietrangelo.
11:20 of 1st period - Deflect By Sidney Crosby.
11:20 of 1st period - Shot Misses the Net.
11:20 of 1st period - Puck is out of play.
11:21 of 1st period - Dainius Zubrus wins face-off versus Ryan Kesler in MapleLeafs zone.
11:53 of 1st period - Marc-Edouard Vlasic is hit by Nikita Zadorov and loses puck.
12:19 of 1st period - Slapshot by Brooks Orpik.
12:19 of 1st period - Deflect By Mikko Koivu.
12:19 of 1st period - Stopped by Cory Schneider with a rebound.
12:21 of 1st period - Slapshot by Jay Bouwmeester.
12:21 of 1st period - Stopped by Cory Schneider without a rebound.
12:22 of 1st period - Mikko Koivu wins face-off versus Sidney Crosby in MapleLeafs zone.
12:45 of 1st period - Wrist shot by Steven Stamkos.
12:45 of 1st period - Shot Misses the Net.
12:47 of 1st period - Snap shot by Jay Bouwmeester.
12:47 of 1st period - Stopped by Cory Schneider with a rebound.
13:51 of 1st period - Wrist shot by Ryan Kesler.
13:51 of 1st period - Shot Misses the Net.
13:53 of 1st period - Wrist shot by Ryan Kesler.
13:53 of 1st period - Shot Misses the Net.
13:55 of 1st period - Slapshot by Brooks Orpik.
13:55 of 1st period - Stopped by Cory Schneider with a rebound.
13:57 of 1st period - Snap shot by Ryan Kesler.
13:57 of 1st period - Shot Blocked by Erik Gudbranson.
14:19 of 1st period - Snap shot by Chris Higgins.
14:19 of 1st period - Stopped by Cory Schneider without a rebound.
14:20 of 1st period - Vernon Fiddler wins face-off versus Brandon Sutter in MapleLeafs zone.
14:23 of 1st period - Wrist shot by Sidney Crosby.
14:23 of 1st period - Goal by Sidney Crosby - MapleLeafs : 2 - Sabres : 2.
14:24 of 1st period - Sidney Crosby wins face-off versus Brandon Sutter in neutral zone.
14:33 of 1st period - Snap shot by Sidney Crosby.
14:33 of 1st period - Shot Hit the Post.
15:55 of 1st period - Erik Gudbranson is hit by Brooks Orpik and loses puck.
16:10 of 1st period - Shawn Matthias is hit by Brooks Orpik and loses puck.
16:15 of 1st period - Wrist shot by Boyd Gordon.
16:15 of 1st period - Shot Misses the Net.
16:17 of 1st period - Slapshot by Matt Stajan.
16:17 of 1st period - Shot Misses the Net.
16:19 of 1st period - Slapshot by Alex Pietrangelo.
16:19 of 1st period - Deflect By Dwight King.
16:19 of 1st period - Stopped by Cory Schneider with a rebound.
16:29 of 1st period - Snap shot by Jeff Skinner.
16:29 of 1st period - Shot Blocked by Sidney Crosby.
16:31 of 1st period - Backhand shot by Dan Girardi.
16:31 of 1st period - Shot Misses the Net.
16:33 of 1st period - Wrist shot by Drew Doughty.
16:33 of 1st period - Shot Misses the Net.
17:08 of 1st period - Steven Stamkos is hit by James van Riemsdyk and loses puck.
17:17 of 1st period - Slapshot by James Neal.
17:17 of 1st period - Stopped by Ondrej Pavelec without a rebound.
17:18 of 1st period - Ryan Kesler wins face-off versus Brandon Sutter in Sabres zone.
17:29 of 1st period - Snap shot by David Perron.
17:29 of 1st period - Shot Misses the Net.
17:31 of 1st period - Slapshot by Rasmus Ristolainen.
17:31 of 1st period - Stopped by Cory Schneider without a rebound.
17:32 of 1st period - Ryan Kesler wins face-off versus Brandon Sutter in MapleLeafs zone.
17:37 of 1st period - Wrist shot by David Perron.
17:37 of 1st period - Shot Hit the Post.
17:39 of 1st period - Slapshot by Alec Martinez.
17:39 of 1st period - Stopped by Cory Schneider with a rebound.
18:55 of 1st period - Brooks Orpik is hit by Erik Gudbranson and loses puck.
19:08 of 1st period - Jay Bouwmeester is hit by Dainius Zubrus and loses puck.
19:23 of 1st period - Snap shot by Justin Williams.
19:23 of 1st period - Shot Misses the Net.
19:25 of 1st period - Slapshot by Marc-Edouard Vlasic.
19:25 of 1st period - Deflect By Justin Williams.
19:25 of 1st period - Stopped by Ondrej Pavelec without a rebound.
19:26 of 1st period - David Perron wins face-off versus Shawn Matthias in Sabres zone.
19:35 of 1st period - Wrist shot by David Perron.
19:35 of 1st period - Shot Blocked by Drew Doughty.
19:50 of 1st period - Off-side.
19:51 of 1st period - Brandon Sutter wins face-off versus Dwight King in neutral zone.
Goals for this period are 2 for MapleLeafs vs 2 for Sabres.
Shots for this period are 14 for MapleLeafs vs 17 for Sabres.

2nd period


0:01 of 2nd period - Brandon Sutter wins face-off versus Sidney Crosby in neutral zone.
0:16 of 2nd period - Wrist shot by Gustav Nyquist.
0:16 of 2nd period - Shot Misses the Net.
0:18 of 2nd period - Slapshot by Alec Martinez.
0:18 of 2nd period - Stopped by Cory Schneider without a rebound.
0:19 of 2nd period - Brandon Sutter wins face-off versus Sidney Crosby in MapleLeafs zone.
0:32 of 2nd period - Wrist shot by Sidney Crosby.
0:32 of 2nd period - Shot Misses the Net.
0:34 of 2nd period - Slapshot by Alec Martinez.
0:34 of 2nd period - Stopped by Cory Schneider with a rebound.
1:22 of 2nd period - Slapshot by James van Riemsdyk.
1:22 of 2nd period - Shot Blocked by David Perron.
1:24 of 2nd period - Slapshot by Drew Doughty.
1:24 of 2nd period - Shot Blocked by Benoit Pouliot.
2:06 of 2nd period - Brooks Orpik is hit by Drew Doughty and loses puck.
2:19 of 2nd period - Snap shot by Justin Williams.
2:19 of 2nd period - Shot Misses the Net.
2:21 of 2nd period - Slapshot by Erik Gudbranson.
2:21 of 2nd period - Stopped by Ondrej Pavelec without a rebound.
2:22 of 2nd period - Vernon Fiddler wins face-off versus Shawn Matthias in Sabres zone.
4:07 of 2nd period - Minor Penalty to Sidney Crosby for Hooking.
4:08 of 2nd period - Vernon Fiddler wins face-off versus Brandon Sutter in Sabres zone.
4:20 of 2nd period - Snap shot by Chris Higgins.
4:20 of 2nd period - Shot Misses the Net.
4:38 of 2nd period - Wrist shot by Bobby Ryan.
4:38 of 2nd period - Shot Blocked by Brooks Orpik.
5:03 of 2nd period - Snap shot by Boyd Gordon.
5:03 of 2nd period - Stopped by Cory Schneider without a rebound.
5:04 of 2nd period - Boyd Gordon wins face-off versus Mikko Koivu in MapleLeafs zone.
6:07 of 2nd period - Penalty to Sidney Crosby is over, Sidney Crosby is back on ice.
6:30 of 2nd period - Erik Gudbranson is hit by Ryan Kesler and loses puck.
6:49 of 2nd period - Snap shot by Justin Williams.
6:49 of 2nd period - Shot Misses the Net.
6:51 of 2nd period - Wrist shot by Dominic Moore.
6:51 of 2nd period - Stopped by Ondrej Pavelec without a rebound.
6:52 of 2nd period - Shawn Matthias wins face-off versus Sidney Crosby in Sabres zone.
7:29 of 2nd period - Slapshot by Steven Stamkos.
7:29 of 2nd period - Stopped by Cory Schneider with a rebound.
7:53 of 2nd period - Snap shot by Patrick Sharp.
7:53 of 2nd period - Shot Misses the Net.
7:55 of 2nd period - Wrist shot by Marc-Edouard Vlasic.
7:55 of 2nd period - Stopped by Ondrej Pavelec with a rebound.
8:09 of 2nd period - Snap shot by Patrick Sharp.
8:09 of 2nd period - Shot Misses the Net.
8:25 of 2nd period - Marc-Edouard Vlasic is hit by Nikita Zadorov and loses puck.
8:34 of 2nd period - Slapshot by Sidney Crosby.
8:34 of 2nd period - Stopped by Cory Schneider without a rebound.
8:35 of 2nd period - Mikko Koivu wins face-off versus Vernon Fiddler in MapleLeafs zone.
8:42 of 2nd period - Snap shot by James Neal.
8:42 of 2nd period - Shot Misses the Net.
8:44 of 2nd period - Snap shot by Erik Gudbranson.
8:44 of 2nd period - Stopped by Ondrej Pavelec with a rebound.
9:04 of 2nd period - Snap shot by James Neal.
9:04 of 2nd period - Stopped by Ondrej Pavelec without a rebound.
9:05 of 2nd period - Sidney Crosby wins face-off versus Dainius Zubrus in Sabres zone.
10:07 of 2nd period - Nikita Zadorov is hit by Bobby Ryan and loses puck.
10:26 of 2nd period - Marc-Edouard Vlasic is hit by Nikita Zadorov and loses puck.
10:56 of 2nd period - Icing by Alex Pietrangelo.
10:57 of 2nd period - Mikko Koivu wins face-off versus Sidney Crosby in Sabres zone.
11:00 of 2nd period - Slapshot by James Neal.
11:00 of 2nd period - Shot Misses the Net.
11:31 of 2nd period - Erik Gudbranson is hit by Sidney Crosby and loses puck.
11:48 of 2nd period - Beau Bennett is hit by Nikita Zadorov and loses puck.
11:49 of 2nd period - Beau Bennett from MapleLeafs is injured at 11:49 of 2nd period (Left Foot).
11:50 of 2nd period - Sidney Crosby wins face-off versus Mikko Koivu in MapleLeafs zone.
12:23 of 2nd period - Snap shot by James Neal.
12:23 of 2nd period - Shot Misses the Net.
13:15 of 2nd period - Slapshot by Ryan Kesler.
13:15 of 2nd period - Stopped by Cory Schneider without a rebound.
13:16 of 2nd period - Boyd Gordon wins face-off versus Dainius Zubrus in MapleLeafs zone.
13:31 of 2nd period - Jay Bouwmeester is hit by Dainius Zubrus and loses puck.
13:50 of 2nd period - Dainius Zubrus is hit by Matt Stajan and loses puck.
14:17 of 2nd period - Snap shot by Chris Higgins.
14:17 of 2nd period - Shot Misses the Net.
14:19 of 2nd period - Slapshot by Alec Martinez.
14:19 of 2nd period - Stopped by Cory Schneider without a rebound.
14:20 of 2nd period - Ryan Kesler wins face-off versus Shawn Matthias in MapleLeafs zone.
14:21 of 2nd period - Wrist shot by David Perron.
14:21 of 2nd period - Deflect By Shawn Matthias.
14:21 of 2nd period - Stopped by Cory Schneider with a rebound.
14:23 of 2nd period - Slapshot by Alex Pietrangelo.
14:23 of 2nd period - Stopped by Cory Schneider with a rebound.
14:25 of 2nd period - Snap shot by Alex Pietrangelo.
14:25 of 2nd period - Shot Misses the Net.
14:31 of 2nd period - Wrist shot by David Perron.
14:31 of 2nd period - Shot Misses the Net.
15:07 of 2nd period - Wrist shot by James Neal.
15:07 of 2nd period - Stopped by Ondrej Pavelec without a rebound.
15:08 of 2nd period - Sidney Crosby wins face-off versus James van Riemsdyk in Sabres zone.
15:30 of 2nd period - Minor Penalty to Marc-Edouard Vlasic for High sticking.
15:31 of 2nd period - Ryan Kesler wins face-off versus Brandon Sutter in MapleLeafs zone.
15:40 of 2nd period - Off-side.
15:41 of 2nd period - Brandon Sutter wins face-off versus Ryan Kesler in neutral zone.
15:55 of 2nd period - Slapshot by Drew Doughty.
15:55 of 2nd period - Deflect By Brandon Sutter.
15:55 of 2nd period - Shot Blocked by Jay Bouwmeester.
15:55 of 2nd period - Puck is out of play.
15:56 of 2nd period - Brandon Sutter wins face-off versus Sidney Crosby in Sabres zone.
16:17 of 2nd period - Snap shot by Sidney Crosby.
16:17 of 2nd period - Goal by Sidney Crosby - MapleLeafs : 2 - Sabres : 3.
16:18 of 2nd period - Mikko Koivu wins face-off versus Sidney Crosby in neutral zone.
16:21 of 2nd period - Snap shot by James van Riemsdyk.
16:21 of 2nd period - Shot Misses the Net.
16:45 of 2nd period - Sidney Crosby is hit by James Neal.
17:11 of 2nd period - David Perron is hit by Dan Girardi and loses puck.
17:18 of 2nd period - Wrist shot by Patrick Sharp.
17:18 of 2nd period - Shot Misses the Net.
17:20 of 2nd period - Slapshot by Karl Alzner.
17:20 of 2nd period - Shot Misses the Net.
17:22 of 2nd period - Slapshot by Marc-Edouard Vlasic.
17:22 of 2nd period - Shot Misses the Net.
17:24 of 2nd period - Slapshot by Marc-Edouard Vlasic.
17:24 of 2nd period - Deflect By Bobby Ryan.
17:24 of 2nd period - Shot Misses the Net.
17:24 of 2nd period - Puck is out of play.
17:25 of 2nd period - Dainius Zubrus wins face-off versus Dwight King in Sabres zone.
17:34 of 2nd period - Wrist shot by Dominic Moore.
17:34 of 2nd period - Deflect By Justin Williams.
17:34 of 2nd period - Shot Hit the Post.
17:34 of 2nd period - Puck is out of play.
17:35 of 2nd period - Boyd Gordon wins face-off versus Dainius Zubrus in Sabres zone.
18:31 of 2nd period - Patrick Sharp is hit by Sidney Crosby and loses puck.
19:03 of 2nd period - Double Minor Penalty to Brandon Sutter for Slashing.
19:04 of 2nd period - Ryan Kesler wins face-off versus Justin Williams in MapleLeafs zone.
19:11 of 2nd period - Wrist shot by David Perron.
19:11 of 2nd period - Shot Blocked by Dominic Moore.
Goals for this period are 0 for MapleLeafs vs 1 for Sabres.
Shots for this period are 6 for MapleLeafs vs 10 for Sabres.

3rd period


0:01 of 3rd period - Sidney Crosby wins face-off versus Justin Williams in neutral zone.
0:31 of 3rd period - Wrist shot by Sidney Crosby.
0:31 of 3rd period - Shot Misses the Net.
1:03 of 3rd period - Dainius Zubrus is hit by Rasmus Ristolainen and loses puck.
1:20 of 3rd period - Snap shot by Dominic Moore.
1:20 of 3rd period - Deflect By Dainius Zubrus.
1:20 of 3rd period - Shot Misses the Net.
1:20 of 3rd period - Puck is out of play.
1:21 of 3rd period - Dainius Zubrus wins face-off versus Sidney Crosby in Sabres zone.
1:28 of 3rd period - Alec Martinez is hit by Dainius Zubrus and loses puck.
1:47 of 3rd period - Slapshot by Bobby Ryan.
1:47 of 3rd period - Stopped by Ondrej Pavelec with a rebound.
1:49 of 3rd period - Snap shot by Bobby Ryan.
1:49 of 3rd period - Shot Misses the Net.
2:37 of 3rd period - Ryan Kesler is hit by Drew Doughty and loses puck.
3:03 of 3rd period - Penalty to Brandon Sutter is over, Brandon Sutter is back on ice.
4:35 of 3rd period - Snap shot by Jeff Skinner.
4:35 of 3rd period - Deflect By Justin Williams.
4:35 of 3rd period - Shot Misses the Net.
4:35 of 3rd period - Puck is out of play.
4:36 of 3rd period - Ryan Kesler wins face-off versus Shawn Matthias in Sabres zone.
4:41 of 3rd period - Shawn Matthias is hit by David Perron and loses puck.
4:53 of 3rd period - Off-side.
4:54 of 3rd period - Shawn Matthias wins face-off versus Dwight King in neutral zone.
5:07 of 3rd period - Snap shot by Dwight King.
5:07 of 3rd period - Shot Blocked by Jeff Skinner.
5:09 of 3rd period - Slapshot by Alec Martinez.
5:09 of 3rd period - Stopped by Cory Schneider without a rebound.
5:10 of 3rd period - Vernon Fiddler wins face-off versus Shawn Matthias in MapleLeafs zone.
5:34 of 3rd period - Minor Penalty to Brooks Orpik for Hooking.
5:35 of 3rd period - Vernon Fiddler wins face-off versus James van Riemsdyk in Sabres zone.
6:30 of 3rd period - Backhand shot by Patrick Sharp.
6:30 of 3rd period - Stopped by Ondrej Pavelec without a rebound.
6:31 of 3rd period - Boyd Gordon wins face-off versus Brandon Sutter in Sabres zone.
7:28 of 3rd period - Minor Penalty to Morgan Rielly for Elbowing.
7:29 of 3rd period - Sidney Crosby wins face-off versus James van Riemsdyk in MapleLeafs zone.
7:34 of 3rd period - Penalty to Brooks Orpik is over, Brooks Orpik is back on ice.
7:52 of 3rd period - Off-side.
7:53 of 3rd period - Brandon Sutter wins face-off versus Ryan Kesler in neutral zone.
8:22 of 3rd period - Wrist shot by David Perron.
8:22 of 3rd period - Stopped by Cory Schneider with a rebound.
8:24 of 3rd period - Wrist shot by Benoit Pouliot.
8:24 of 3rd period - Shot Misses the Net.
8:26 of 3rd period - Snap shot by Alec Martinez.
8:26 of 3rd period - Deflect By Ryan Kesler.
8:26 of 3rd period - Shot Blocked by Brandon Sutter.
8:26 of 3rd period - Puck is out of play.
8:27 of 3rd period - Sidney Crosby wins face-off versus Brandon Sutter in MapleLeafs zone.
9:22 of 3rd period - Dan Girardi is hit by David Perron and loses puck.
9:28 of 3rd period - Penalty to Morgan Rielly is over, Morgan Rielly is back on ice.
9:45 of 3rd period - Wrist shot by Boyd Gordon.
9:45 of 3rd period - Stopped by Cory Schneider without a rebound.
9:46 of 3rd period - Boyd Gordon wins face-off versus James Neal in MapleLeafs zone.
10:37 of 3rd period - Chris Higgins is hit by Erik Gudbranson and loses puck.
11:01 of 3rd period - Backhand shot by Jeff Skinner.
11:01 of 3rd period - Deflect By Dainius Zubrus.
11:01 of 3rd period - Shot Misses the Net.
11:01 of 3rd period - Puck is out of play.
11:02 of 3rd period - Ryan Kesler wins face-off versus Brandon Sutter in Sabres zone.
12:08 of 3rd period - Wrist shot by Mikko Koivu.
12:08 of 3rd period - Shot Misses the Net.
12:18 of 3rd period - Wrist shot by Mikko Koivu.
12:18 of 3rd period - Shot Misses the Net.
12:30 of 3rd period - Alec Martinez is hit by Dominic Moore.
12:40 of 3rd period - Matt Stajan is hit by Dainius Zubrus and loses puck.
13:05 of 3rd period - Slapshot by Patrick Sharp.
13:05 of 3rd period - Stopped by Ondrej Pavelec without a rebound.
13:05 of 3rd period - Minor Penalty to Erik Gudbranson for Interference.
13:06 of 3rd period - Brandon Sutter wins face-off versus Ryan Kesler in MapleLeafs zone.
13:54 of 3rd period - Dominic Moore is hit by Rasmus Ristolainen.
13:58 of 3rd period - Rasmus Ristolainen is hit by Dominic Moore and loses puck.
14:23 of 3rd period - Justin Williams is hit by Ryan Kesler and loses puck.
15:05 of 3rd period - Penalty to Erik Gudbranson is over, Erik Gudbranson is back on ice.
15:11 of 3rd period - Alec Martinez is hit by Drew Doughty and loses puck.
15:15 of 3rd period - Icing by Nikita Zadorov.
15:16 of 3rd period - Mikko Koivu wins face-off versus Sidney Crosby in Sabres zone.
15:17 of 3rd period - Snap shot by James van Riemsdyk.
15:17 of 3rd period - Stopped by Ondrej Pavelec with a rebound.
15:19 of 3rd period - Wrist shot by Mikko Koivu.
15:19 of 3rd period - Shot Blocked by Nikita Zadorov.
15:21 of 3rd period - Slapshot by Marc-Edouard Vlasic.
15:21 of 3rd period - Stopped by Ondrej Pavelec without a rebound.
15:22 of 3rd period - Sidney Crosby wins face-off versus Mikko Koivu in Sabres zone.
15:41 of 3rd period - Snap shot by James Neal.
15:41 of 3rd period - Shot Misses the Net.
15:59 of 3rd period - James Neal is hit by Boyd Gordon and loses puck.
16:14 of 3rd period - Rasmus Ristolainen is hit by Shawn Matthias and loses puck.
16:51 of 3rd period - Brandon Sutter is hit by Vernon Fiddler and loses puck.
16:58 of 3rd period - Marc-Edouard Vlasic is hit by Chris Higgins and loses puck.
17:25 of 3rd period - Slapshot by Drew Doughty.
17:25 of 3rd period - Stopped by Ondrej Pavelec without a rebound.
17:26 of 3rd period - Shawn Matthias wins face-off versus Boyd Gordon in Sabres zone.
17:31 of 3rd period - Slapshot by Drew Doughty.
17:31 of 3rd period - Shot Misses the Net.
17:33 of 3rd period - Snap shot by Shawn Matthias.
17:33 of 3rd period - Shot Misses the Net.
17:35 of 3rd period - Slapshot by Dan Girardi.
17:35 of 3rd period - Stopped by Ondrej Pavelec with a rebound.
18:01 of 3rd period - Alex Pietrangelo is hit by James van Riemsdyk and loses puck.
18:56 of 3rd period - Vernon Fiddler is hit by Marc-Edouard Vlasic and loses puck.
19:15 of 3rd period - Snap shot by Boyd Gordon.
19:15 of 3rd period - Stopped by Cory Schneider without a rebound.
19:16 of 3rd period - Claude Julien call a timeout for MapleLeafs.
19:16 of 3rd period - Boyd Gordon wins face-off versus James Neal in MapleLeafs zone.
19:19 of 3rd period - Wrist shot by Alec Martinez.
19:19 of 3rd period - Stopped by Cory Schneider with a rebound.
19:21 of 3rd period - Wrist shot by Alec Martinez.
19:21 of 3rd period - Stopped by Cory Schneider without a rebound.
19:22 of 3rd period - Mikko Koivu wins face-off versus Boyd Gordon in MapleLeafs zone.
19:43 of 3rd period - MapleLeafs, Cory Schneider is pulled from the net.
19:47 of 3rd period - Wrist shot by James Neal.
19:47 of 3rd period - Stopped by Ondrej Pavelec with a rebound.
Goals for this period are 0 for MapleLeafs vs 0 for Sabres.
Shots for this period are 8 for MapleLeafs vs 6 for Sabres.